 Dungeon Crawl Stone Soup version 0.20.1-1-g8b1a95d (console) character file.

47 hilaritas the Charlatan (level 3, 0/17 HPs)
             Began as a Spriggan Artificer on Sept 9, 2017.
             Slain by Frank's ghost (4 damage)
             ... on level 3 of the Dungeon.
             The game lasted 00:04:16 (2504 turns).

hilaritas the Charlatan (Spriggan Artificer)        Turns: 2504, Time: 00:04:16

Health: 0/17       AC:  2    Str:  9    XL:     3   Next: 48%
Magic:  7/7        EV: 18    Int: 12    God:
Gold:   121        SH:  0    Dex: 16    Spells: 2/2 levels left

rFire    . . .     SeeInvis +   a - +0 short sword
rCold    . . .     Gourm    .   (shield restricted)
rNeg     . . .     Faith    .   b - +0 robe
rPois    .         Spirit   .   (helmet restricted)
rElec    .         Reflect  .   (no cloak)
rCorr    .         Harm     .   (gloves unavailable)
MR       .....                  (boots unavailable)
Stlth    ++........             (no amulet)
Regen    0.1/turn               (no ring)
MPRegen  0.1/turn               (no ring)

@: very quick
A: unfitting armour, see invisible, herbivore 3, speed 3, slow metabolism 2
a: no special abilities


You were on level 3 of the Dungeon.
You were not hungry.

You visited 1 branch of the dungeon, and saw 3 of its levels.

You collected 121 gold pieces.

Inventory:

Hand Weapons
 a - a +0 short sword (weapon)
Missiles
 g - 23 poisoned needles
Armour
 b - a +0 robe (worn)
Jewellery
 l - an uncursed ring of protection from fire {unknown}
 n - an uncursed ring of protection from cold {unknown}
Wands
 c - a wand of flame (15/48)
 d - a wand of enslavement (14/24)
 e - a wand of random effects (15/48)
Scrolls
 h - a scroll of magic mapping {unknown}
 k - 2 scrolls of noise {unknown}
 m - a scroll of remove curse {unknown}
 o - a scroll of immolation {unknown}
 q - a scroll of identify {unknown}
Potions
 i - 2 potions of curing {unknown}
 j - a potion of might {unknown}
 p - a potion of magic {unknown}
 r - a potion of resistance {unknown}
Comestibles
 f - a bread ration


   Skills:
 - Level 0.7 Fighting
 * Level 2.4 Short Blades
 + Level 3.2 Dodging
 * Level 3.4 Stealth
 + Level 4.5 Evocations


You had 2 spell levels left.
You didn't know any spells.

Dungeon Overview and Level Annotations

Branches:
Dungeon (3/15)

Altars:
The Shining One

Annotations:
D:3 Frank's ghost, amateur OpMo


Innate Abilities, Weirdness & Mutations

You are very small and have problems with some larger weapons.
You are too small for most types of armour.
You have supernaturally acute eyesight. (SInv)
You are a herbivore.
You cover ground extremely quickly.
You need consume almost no food.


Message History

You kill the giant cockroach!
The ball python completely misses you. The ball python closely misses you.
You hit the ball python.
You kill the ball python!
You catch the helpless Frank's ghost completely off-guard!
You puncture Frank's ghost!
Frank's ghost is moderately damaged.
Frank's ghost hits you but does no damage.
You hit Frank's ghost but do no damage.
Frank's ghost is moderately damaged.
Frank's ghost keens inconsolably.
Frank's ghost hits you.
* * * LOW HITPOINT WARNING * * *
You barely miss Frank's ghost.
Frank's ghost is moderately damaged.
Frank's ghost closely misses you.
You hit Frank's ghost.
Frank's ghost is heavily damaged.
Frank's ghost hits you.
You die...

..........#####
.......†......#
..++..........# #
...##..........# ..
...............##...
.........%..........
....................
....................
....................
......W..........###
##+.@.......###
#....?....##
##.#.......#
#.#.......#
#.#.......#
#.#.......##...
..+.........#
#.#....†.......
#.##+#.........
#...[.....
#.........


You could see Frank's ghost.

Vanquished Creatures
  3 dart slugs (D:1)
  A leopard gecko (D:3)
  An orc (D:3)
  A ball python (D:3)
  3 giant cockroaches
  3 hobgoblins
  3 quokkas
  8 bats
  2 frilled lizards
  4 goblins
  3 kobolds
  7 rats
39 creatures vanquished.

Notes
Turn   | Place    | Note
-------+----------+-------------------------------------------
     0 | D:1      | hilaritas the Spriggan Artificer began the quest for the Orb.
     0 | D:1      | Reached XP level 1. HP: 9/9 MP: 4/4
   630 | D:1      | Reached XP level 2. HP: 9/14 MP: 6/6
  1975 | D:2      | Reached XP level 3. HP: 14/17 MP: 7/7
  2376 | D:2      | Found a glowing golden altar of the Shining One.
  2462 | D:3      | Noticed Frank's ghost (amateur OpMo)
  2504 | D:3      | Slain by Frank's ghost

Skill      XL: |  1  2  3 |
---------------+----------+-----
Stealth        | 2 3 |  3.4
Short Blades   | 2 |  2.4
Fighting       | |  0.7
Dodging        | |  3.2
Evocations     | |  4.5

Action                   || total
-------------------------++-------
Melee: Short sword       ||   148
Evoke: Wand              ||     1
 Stab: Sleeping          ||     9
       Distracted        ||     1
Armor: Robe              ||    21
Dodge: Dodged            ||   131
